 Seeded DCSS version 0.29-a0-1052-g6990b1bffc (webtiles) character file.

Game seed: 1 (custom seed)

108 Kazon the Covered (level 4, -22/41 HPs)
             Began as a Minotaur Fighter on Aug 17, 2022.
             Annihilated by an ogre
             ... wielding a +0 giant spiked club
              (30 damage)
             ... on level 4 of the Dungeon.
             The game lasted 00:03:44 (1068 turns).

Kazon the Covered (Minotaur Fighter)                Turns: 1068, Time: 00:03:45

Health: -22/41     AC: 10    Str: 20    XL:     4   Next: 58%
Magic:  3/3        EV:  9    Int:  5    God:
Gold:   134        SH:  5    Dex: 12    Spells: 3/3 levels left

rFire   . . .      SeeInvis .   a - +0 flail
rCold   . . .      Faith    .   c - +0 buckler
rNeg    . . .      Spirit   .   b - +0 scale mail
rPois   .          Reflect  .   (helmet restricted)
rElec   .          Harm     .   (no cloak)
rCorr   .          Rampage  .   (no gloves)
Will    .....                   l - +2 pair of boots
Stlth   ..........              e - amulet of the acrobat
HPRegen 0.13/turn               (no ring)
MPRegen 0.08/turn               (no ring)

@: no status effects
A: horns 2, retaliatory headbutt
a: no special abilities


You were on level 4 of the Dungeon.
You visited 1 branch of the dungeon, and saw 3 of its levels.

You collected 134 gold pieces.

Inventory:

Hand Weapons
 a - a +0 flail (weapon)
Missiles
 k - 12 stones (quivered)
Armour
 b - a +0 scale mail (worn)
 c - a +0 buckler (worn)
 l - a +2 pair of boots (worn)
Jewellery
 e - an amulet of the acrobat (around neck)
Scrolls
 g - a scroll of acquirement {unknown}
 j - a scroll of identify {unknown}
Potions
 d - a potion of might
 f - a potion of haste {unknown}
 h - a potion of flight {unknown}
 i - a potion of attraction {unknown}
 m - a potion of berserk rage {unknown}


   Skills:
 + Level 4.3 Fighting
 + Level 3.8 Maces & Flails
 + Level 4.5 Armour
 + Level 0.6 Dodging
 + Level 4.3 Shields


You had 3 spell levels left.
You didn't know any spells.
Your spell library was empty.

Dungeon Overview and Level Annotations

Branches:
Dungeon (2/15)

Altars:


Innate Abilities, Weirdness & Mutations

You have a pair of horns on your head.
You reflexively headbutt those who attack you in melee.


Message History

Found a quarterstaff.
A howler monkey comes into view.
The howler monkey howls!
You closely miss the howler monkey. The howler monkey barely misses you.
The howler monkey hoots and howls with incredible vigour!
You hear a shout! x7; You hear an angry hiss.
You barely miss the howler monkey. The howler monkey closely misses you.
You furiously retaliate!
You headbutt the howler monkey. You hit the howler monkey.
The howler monkey is heavily wounded.
The howler monkey barely misses you. You furiously retaliate!
You headbutt the howler monkey. The howler monkey hits you.
You hit the howler monkey.
The howler monkey is almost dead.
An ogre comes into view. It is wielding a +0 giant spiked club.
The howler monkey hits you.
You hit the howler monkey but do no damage.
You headbutt the howler monkey.
The howler monkey is almost dead.
The howler monkey hits you.
The howler monkey hoots and howls with incredible vigour!
You hear a shout!
You hear an angry hiss.
You sock the howler monkey!
You kill the howler monkey!
The ogre attacks as you move away!
The ogre hits you with a +0 giant spiked club!!
* * * LOW HITPOINT WARNING * * *
You hit the ogre.
The ogre is lightly wounded.
The ogre barely misses you.
You sock the ogre!
The ogre is severely wounded.
A hobgoblin comes into view.
You block the ogre's attack.
The hobgoblin shouts!
You hit the ogre.
The ogre is severely wounded.
The ogre hits you with a +0 giant spiked club!!
Ouch! That really hurt!
You die...

#######
#.O@.)#
#.###.#
......g.# #.#
.####.#####.#
#.#.....# #
#.#####


You could see an ogre and a hobgoblin.

Vanquished Creatures
  A howler monkey (D:4)
  2 gnolls (D:2)
  2 adders (D:2)
  A worm (D:2)
  7 endoplasms
  A giant cockroach (D:1)
  5 goblins
  3 hobgoblins
  2 kobolds
  A quokka (D:1)
  2 ball pythons (D:2)
  2 bats
  3 rats (D:1)
32 creatures vanquished.

Notes
Turn   | Place    | Note
-------+----------+-------------------------------------------
     0 | D:1      | Kazon the Minotaur Fighter began the quest for the Orb.
     0 | D:1      | Reached XP level 1. HP: 19/19 MP: 0/0
   192 | D:1      | Reached XP level 2. HP: 25/27 MP: 1/1
   661 | D:2      | Reached XP level 3. HP: 33/33 MP: 2/2
  1024 | D:2      | Reached XP level 4. HP: 40/40 MP: 3/3
  1050 | D:2      | You fall into a shaft and drop 2 floors!
  1061 | D:4      | Noticed an ogre
  1068 | D:4      | Annihilated by an ogre

Illustrated notes

Levels and vault maps discovered:
D:1:      dpeg_arrival_three_smaller_balls, layout_basic
D:2:      layout_loops_ring
D:4:      minmay_razor_zed, layout_basic, worldfamousw_hep_ancestral_shrine,
          uniq_eustachio, uniq_natasha

Skill      XL: |  1  2  3 |
---------------+----------+-----
Armour         | 4 |  4.5
Fighting       | 4 |  4.3
Shields        | 4 |  4.3
Maces & Flails | 3 |  3.8
Dodging        | |  0.6

Action                   |  1- 3 |  4- 6 || total
-------------------------+-------+-------++-------
Melee: Flail             |    70 |     9 ||    79
       Headbutt          |     7 |     1 ||     8
Armor: Scale mail        |    28 |       ||    28
Dodge: Dodged            |    47 |     4 ||    51
Block: Buckler           |    14 |     1 ||    15

Table legend: (Time is in decaauts)
 A = Elapsed time spent in this place.
 B = Non-inter-level travel time spent in this place.
 C = Inter-level travel time spent in this place.
 D = Time resting spent in this place.
 E = Time spent auto-exploring this place.
 F = Levels seen in this place.
 G = Mean time per level.
                   A        B        C        D        E       F      G
               +--------+--------+--------+--------+--------+-----+--------+
         Total |   1091 |   1076 |     15 |      0 |    472 |   3 |  363.7 |
       Dungeon |   1091 |   1076 |     15 |      0 |    472 |   3 |  363.7 |
               +--------+--------+--------+--------+--------+-----+--------+

Top non-repeatable levels by time:
     D:1: 661 daAuts
     D:2: 409 daAuts
     D:4: 20 daAuts
